 Dungeon Crawl Stone Soup version 0.23.2-33-g5129a83184 (webtiles) character file.

Game seed: 7083474048700053395

152 troglodite the Charmwright (level 5, 0/64 HPs)
             Began as a Gnoll Skald on July 3, 2019.
             Was an Initiate of Ashenzari.
             Succumbed to a gnoll sergeant's poison
             ... on level 3 of the Dungeon.
             The game lasted 00:08:22 (2107 turns).

troglodite the Charmwright (Gnoll Skald)            Turns: 2107, Time: 00:08:22

Health: 0/64       AC:  3    Str: 18    XL:     5   Next: 34%
Magic:  10/12      EV: 14    Int: 16    God:    Ashenzari [......]
Gold:   95         SH:  0    Dex: 15    Spells: 10/14 levels left

rFire    . . .     SeeInvis .   a - +0 spear
rCold    . . .     Gourm    .   (no shield)
rNeg     . . .     Faith    .   r - +0 leather armour (curse)
rPois    .         Spirit   .   (no helmet)
rElec    .         Reflect  .   (no cloak)
rCorr    .         Harm     .   (no gloves)
MR       .....                  (no boots)
Stlth    ..........             (no amulet)
HPRegen  0.20/turn              (no ring)
MPRegen  0.13/turn              (no ring)

@: berserking, lethally poisoned (0 -> -8), very quick
A: distributed training, fangs 1, strong nose
a: Curse Item, Renounce Religion


You were on level 3 of the Dungeon.
You worshipped Ashenzari.
Ashenzari was noncommittal.
You were not hungry.

You visited 1 branch of the dungeon, and saw 3 of its levels.

You collected 95 gold pieces.

Inventory:

Hand Weapons
 a - a +0 spear (weapon)
Armour
 r - a cursed +0 leather armour (worn)
Jewellery
 q - an uncursed ring of flight
Scrolls
 b - a scroll of enchant armour {unknown}
 e - 5 scrolls of identify {unknown}
 g - a scroll of amnesia {unknown}
 h - a scroll of fog {unknown}
 i - 2 scrolls of teleportation {unknown}
 k - 4 scrolls of remove curse
 n - a scroll of magic mapping {unknown}
Potions
 f - a potion of curing {unknown}
 j - a potion of ambrosia {unknown}
 l - a potion of berserk rage
 m - a potion of mutation {unknown}
 o - a potion of brilliance {unknown}
 p - a potion of heal wounds {unknown}
Comestibles
 c - 3 chunks of flesh
 d - 6 rations


   Skills:
 + Level 4.7 Fighting
 + Level 1.4 Short Blades
 + Level 1.4 Long Blades
 + Level 1.4 Axes
 + Level 1.4 Maces & Flails
 + Level 4.7 Polearms
 + Level 1.4 Staves
 + Level 1.4 Slings
 + Level 1.4 Bows
 + Level 1.4 Crossbows
 + Level 1.4 Throwing
 + Level 2.9 Armour
 + Level 4.7 Dodging
 + Level 1.4 Stealth
 + Level 1.4 Shields
 + Level 1.4 Unarmed Combat
 + Level 5.2 Spellcasting
 + Level 1.1 Conjurations
 + Level 1.1 Hexes
 + Level 5.5 Charms
 + Level 1.1 Summonings
 + Level 1.1 Necromancy
 + Level 1.1 Translocations
 + Level 1.1 Transmutations
 + Level 1.1 Fire Magic
 + Level 1.1 Ice Magic
 + Level 1.1 Air Magic
 + Level 1.1 Earth Magic
 + Level 1.1 Poison Magic
 + Level 1.6 Invocations
 + Level 1.4 Evocations


You had 10 spell levels left.
You knew the following spells:

 Your Spells              Type           Power        Failure   Level  Hunger
a - Infusion              Chrm           ###.         1%          1    None
b - Spectral Weapon       Hex/Chrm       ##......     14%         3    ###....

Your spell library contained the following spells:

 Spells                   Type           Power        Failure   Level  Hunger
 Song of Slaying          Chrm           ###.....     2%          2    #......
 Shroud of Golubria       Chrm/Tloc      ##........   7%          2    #......
 Regeneration             Chrm/Necr      ##........   14%         3    ###....


Dungeon Overview and Level Annotations

Branches:
Dungeon (3/15)

Altars:
Ashenzari
Hepliaklqana
Qazlal

Annotations:
D:3 1 transporter


Innate Abilities, Weirdness & Mutations

Your experience applies equally to all skills.
You have very sharp teeth.
Your uncanny sense of smell can sniff out nearby items.


Message History

The gnoll barely misses you.
* * * LOW HITPOINT WARNING * * *
You feel sick.
* * * LOW HITPOINT WARNING * * *
You feel sick.
Something hits the plant but does no damage.
* * * LOW HITPOINT WARNING * * *
You feel sick.
The gnoll hits the plant with a +0 halberd!
It was a potion of berserk rage.
A red film seems to cover your vision as you go berserk!
You feel yourself moving faster!
You feel mighty!
* * * LOW HITPOINT WARNING * * *
You feel sick.
The gnoll completely misses the plant.
The gnoll hits the plant but does no damage.
You are too berserk!
You feel a strong urge to attack something.
The gnoll hits the plant but does no damage.
There is an open translucent door here.
You die...

#..# ########....+...
#.###########........##.#...
#..†.................#......
#..≈≈≈≈≈≈≈≈≈≈≈≈≈≈≈≈≈.#.#.###
#..≈≈≈≈≈≈≈≈≈≈≈≈≈≈≈≈≈.....#..
#..≈≈####.....####≈≈...###.#
#..≈≈#..#8###8#..#≈≈.#.# #.#
#..≈≈#..###.###..#≈≈...###.#
#..≈≈#.....@.....#≈≈........
#..≈≈###.##'##.###≈≈........
#..≈≈..#.#P(P#.#..≈≈........
#..≈≈.##.'...'.##.≈≈......(.
##.≈≈.#..#PgP#.©#.≈≈.#......
#.≈≈.##g##.##.##.≈≈.#......
#.≈≈..#.#PgP#.#.....#......
#.≈≈.©#.'.gg'.#©....#####..
#.≈≈..#.#8⌠8#g#............


You could see a gnoll sergeant, 4 gnolls and a friendly spectral +0 spear.

Vanquished Creatures
  An orc wizard (D:3)
  Jessica (D:2)
  A gnoll (D:3)
  4 adders
  2 dart slugs (D:2)
  4 orcs (D:3)
  2 giant cockroaches
  7 goblins
  6 hobgoblins
  4 kobolds
  2 quokkas
  6 bats
  A frilled lizard (D:3)
  6 rats
47 creatures vanquished.

Notes
Turn   | Place    | Note
-------+----------+-------------------------------------------
     0 | D:1      | troglodite the Gnoll Skald began the quest for the Orb.
     0 | D:1      | Reached XP level 1. HP: 20/20 MP: 6/6
   267 | D:1      | Found a shattered altar of Ashenzari.
   275 | D:1      | Reached XP level 2. HP: 23/26 MP: 7/7
   287 | D:1      | Became a worshipper of Ashenzari the Shackled
   777 | D:2      | Reached XP level 3. HP: 23/31 MP: 9/9
   914 | D:2      | Reached skill level 5 in Spellcasting
   985 | D:2      | Reached skill level 1 in Invocations
  1141 | D:2      | Noticed Jessica
  1146 | D:2      | Killed Jessica
  1146 | D:2      | Reached skill level 1 in Short Blades
  1146 | D:2      | Reached skill level 1 in Long Blades
  1146 | D:2      | Reached skill level 1 in Axes
  1146 | D:2      | Reached skill level 1 in Maces & Flails
  1146 | D:2      | Reached skill level 1 in Staves
  1146 | D:2      | Reached skill level 1 in Slings
  1146 | D:2      | Reached skill level 1 in Bows
  1146 | D:2      | Reached skill level 1 in Crossbows
  1146 | D:2      | Reached skill level 1 in Throwing
  1146 | D:2      | Reached skill level 1 in Stealth
  1146 | D:2      | Reached skill level 1 in Shields
  1146 | D:2      | Reached skill level 1 in Unarmed Combat
  1146 | D:2      | Reached skill level 1 in Evocations
  1146 | D:2      | Reached XP level 4. HP: 33/38 MP: 11/11
  1262 | D:3      | Noticed an air elemental
  1277 | D:3      | Reached skill level 1 in Conjurations
  1277 | D:3      | Reached skill level 1 in Hexes
  1277 | D:3      | Reached skill level 1 in Summonings
  1277 | D:3      | Reached skill level 1 in Necromancy
  1277 | D:3      | Reached skill level 1 in Translocations
  1277 | D:3      | Reached skill level 1 in Transmutations
  1277 | D:3      | Reached skill level 1 in Fire Magic
  1277 | D:3      | Reached skill level 1 in Ice Magic
  1277 | D:3      | Reached skill level 1 in Air Magic
  1277 | D:3      | Reached skill level 1 in Earth Magic
  1277 | D:3      | Reached skill level 1 in Poison Magic
  1506 | D:3      | Found a stormy altar of Qazlal.
  1506 | D:3      | Noticed a fire elemental
  1511 | D:3      | Noticed an earth elemental
  1511 | D:3      | Noticed a water elemental
  1577 | D:3      | Found a hazy altar of Hepliaklqana.
  1609 | D:3      | Found a faded altar of an unknown god.
  1671 | D:3      | Reached XP level 5. HP: 43/43 MP: 12/12
  1700 | D:3      | Learned a level 3 spell: Spectral Weapon
  1729 | D:3      | Found a transporter.
  1731 | D:3      | Found a transporter.
  2043 | D:3      | Identified the +1 shield "Yziat" {rPois Regen+ Str+3 Int-5}
  2104 | D:3      | HP: 1/43 [poisoned by a gnoll sergeant]
  2107 | D:3      | Succumbed to a gnoll sergeant's poison

Skill      XL: |  1  2  3  4 |
---------------+-------------+-----
Spellcasting   | 5 |  5.2
Invocations    | 1 |  1.6
Short Blades   | 1 |  1.4
Long Blades    | 1 |  1.4
Axes           | 1 |  1.4
Maces & Flails | 1 |  1.4
Staves         | 1 |  1.4
Slings         | 1 |  1.4
Bows           | 1 |  1.4
Crossbows      | 1 |  1.4
Throwing       | 1 |  1.4
Stealth        | 1 |  1.4
Shields        | 1 |  1.4
Unarmed Combat | 1 |  1.4
Evocations     | 1 |  1.4
Conjurations   | 1 |  1.1
Hexes          | 1 |  1.1
Summonings     | 1 |  1.1
Necromancy     | 1 |  1.1
Translocations | 1 |  1.1
Transmutations | 1 |  1.1
Fire Magic     | 1 |  1.1
Ice Magic      | 1 |  1.1
Air Magic      | 1 |  1.1
Earth Magic    | 1 |  1.1
Poison Magic   | 1 |  1.1
Fighting       | |  4.7
Polearms       | |  4.7
Armour         | |  2.9
Dodging        | |  4.7
Charms         | |  5.5

Action                   |  1- 3 |  4- 6 || total
-------------------------+-------+-------++-------
Melee: Spear             |    95 |    84 ||   179
       Bite              |     4 |     9 ||    13
 Cast: Spectral Weapon   |       |     1 ||     1
  Use: Potion            |       |     1 ||     1
 Stab: Sleeping          |     2 |       ||     2
       Distracted        |       |     1 ||     1
  Eat: Chunk             |     1 |     3 ||     4
Armor: Ring mail         |    13 |     5 ||    18
       Leather armour    |     2 |       ||     2
       Chain mail        |       |    17 ||    17
Dodge: Dodged            |    41 |    39 ||    80
